 Dungeon Crawl Stone Soup version 0.30-a0-603-g51a0fb1b98 (webtiles) character file.

Game seed: 1835110204554510676

95 Leeroy the Insei (level 4, 0/52 HPs)
             Began as a Draconian Transmuter on Jan 7, 2023.
             Frozen to death by an endoplasm (3 damage)
             ... on level 3 of the Dungeon.
             The game lasted 00:02:08 (2120 turns).

Leeroy the Insei (Draconian Transmuter)             Turns: 2120, Time: 00:02:09

Health: 0/52       AC: 22    Str: 13    XL:     4   Next: 39%
Magic:  7/7        EV:  2    Int: 19    God:
Gold:   125        SH:  0    Dex: 13    Spells: 1/7 levels left

rFire   . . .      SeeInvis .      - Unarmed
rCold   . . .      Faith    .    (no shield)
rNeg    . . .      Spirit   .    (body armour unavailable)
rPois   +          Reflect  .    (helmet currently unavailable)
rElec   .          Harm     .    (cloak currently unavailable)
rCorr   .          Rampage  .    (gloves currently unavailable)
Will    .....      NoTele   +    (boots currently unavailable)
Stlth   +                        (no amulet)
HPRegen 0.28/turn                g - +6 ring of intelligence
MPRegen 0.10/turn                (no ring)

@: tree-form, slowed, very slow
A: stationary, stasis, torment immunity, boosted hp, AC +5, unfitting armour,
(cold-blooded)
a: no special abilities


You were on level 3 of the Dungeon.
You were a tree.
You visited 1 branch of the dungeon, and saw 3 of its levels.

You collected 125 gold pieces.

Inventory:

Hand Weapons
 h - a +2 dagger of venom
 q - a +1 dagger of flaming
Jewellery
 g - a +6 ring of intelligence (left branch)
Wands
 o - a wand of flame (14)
Scrolls
 b - 2 scrolls of immolation {unknown}
 e - 2 scrolls of enchant weapon {unknown}
 f - a scroll of fog {unknown}
 i - 5 scrolls of teleportation {unknown}
 j - a scroll of noise {unknown}
 l - a scroll of identify {unknown}
 n - 3 scrolls of blinking {unknown}
 r - a scroll of amnesia {unknown}
Potions
 c - 2 potions of invisibility {unknown}
 d - a potion of flight {unknown}
 k - a potion of heal wounds {unknown}
 m - a potion of curing {unknown}
 p - a potion of magic {unknown}


   Skills:
 - Level 1.1 Fighting
 * Level 3.3 Dodging
 - Level 4.2 Unarmed Combat
 - Level 2.0 Spellcasting
 - Level 2.0 Transmutations


You had one spell level left.
You knew the following spells:

 Your Spells              Type           Power      Damage    Failure   Level
a - Beastly Appendage     Tmut           18%        N/A       8%          1
b - Spider Form           Tmut/Pois      5%         N/A       32%         3
c - Wereblood             Tmut           9%         N/A       11%         2

Your spell library contained the following spells:

 Spells                   Type           Power      Damage    Failure   Level
 Dazzling Flash           Conj/Hex       2%         N/A       45%         3
 Ice Form                 Ice/Tmut       5%         N/A       73%         4
 Iskenderun's Mystic Bla  Conj/Tloc      1%         2d3       86%         4
 Summon Forest            Summ/Tloc      0%         N/A       99%         5
 Eringya's Noxious Bog    Tmut/Pois      2%         N/A       100%        6
 Starburst                Conj/Fire      0%         6d3       100%        6
 Summon Hydra             Summ           0%         N/A       100%        7


Dungeon Overview and Level Annotations

Branches:
Dungeon (3/15)

Altars:


Innate Abilities, Weirdness & Mutations

You are a tree.
Your roots penetrate the ground, keeping you stationary.
You cannot be teleported.
You are immune to unholy pain and torment.
Your maximum health is greatly increased.
Your equipment is partially melded.
((Your plain brown scales are hard. (AC +5)))
You cannot fit into any form of body armour.
((You are cold-blooded and may be slowed by cold attacks.))


Message History

You miss the adder.
The adder is moderately wounded.
You feel sick.
You are no longer poisoned.
The adder bites you.
* * * LOW HITPOINT WARNING * * *
The adder bites you but does no damage. The endoplasm freezes you.
You are frozen.
* * * LOW HITPOINT WARNING * * *
You feel as though you will be slow longer.
You miss the adder.
The adder is moderately wounded.
The adder bites you but does no damage.
The endoplasm hits you but does no damage.
The adder completely misses you.
The frilled lizard hisses.
The endoplasm freezes you.
You are frozen.
* * * LOW HITPOINT WARNING * * *
Really quaff the potion of lignification?
You turn into a tree.
Your roots penetrate the ground.
The adder bites you but does no damage.
The endoplasm hits you but does no damage.
The adder bites you but does no damage.
You hit the adder.
The adder is almost dead.
The adder bites you but does no damage.
The endoplasm hits you but does no damage.
The adder bites you but does no damage.
The endoplasm hits you but does no damage.
You smack the adder!
You kill the adder!
The endoplasm hits you but does no damage.
You hit the endoplasm.
The endoplasm is lightly wounded.
The frilled lizard bites you but does no damage.
The endoplasm freezes you.
You are frozen.
You die...

########### ........l♣###
~....~~[#J..#
≈~~~≈~≈..##.#
~~~~≈≈≈~~##.#
~~~~≈.≈≈..#.# ### ####
~~~~~~~≈~##.# #≈# ###...
....#≈~~≈##.#####≈###≈≈.#.
##>.#≈≈≈≈##..#.≈≈~#.≈~.##.
#≈≈≈≈ #..~≈..#.≈~##.##


You could see an endoplasm and a frilled lizard.

Vanquished Creatures
  4 adders
  2 ball pythons
  4 endoplasms
  2 giant cockroaches
  7 goblins
  6 hobgoblins
  8 jackals
  A quokka (D:1)
  3 bats
  3 frilled lizards
  10 kobolds
  3 rats
53 creatures vanquished.

Notes
Turn   | Place    | Note
-------+----------+-------------------------------------------
     0 | D:1      | Leeroy the Draconian Transmuter began the quest for the
                  | Orb.
     0 | D:1      | Reached XP level 1. HP: 16/16 MP: 3/3
   106 | D:1      | Reached XP level 2. HP: 21/23 MP: 5/5
   283 | D:1      | Found a faded altar of an unknown god.
   479 | D:1      | Reached skill level 4 in Unarmed Combat
   596 | D:1      | Reached XP level 3. HP: 27/28 MP: 6/6
  1070 | D:2      | Learned a level 3 spell: Spider Form
  1073 | D:2      | Learned a level 2 spell: Wereblood
  1670 | D:2      | Reached XP level 4. HP: 26/35 MP: 7/7
  2116 | D:3      | HP: 1/35 [frozen (4)]
  2120 | D:3      | Frozen to death by an endoplasm

Illustrated notes

Levels and vault maps discovered:
D:1:      amcnicky_arrival_underground_garden, layout_loops_ring,
          basic_ecumenical_altar
D:2:      layout_basic, minmay_heptomino_l4
D:3:      layout_basic, serial_rivers, chequers_serial_rivers_micro_b,
          chequers_serial_rivers_large_a, chequers_serial_rivers_small_b,
          chequers_serial_rivers_room_b, chequers_serial_rivers_small_b

Skill      XL: |  1  2  3  4 |
---------------+-------------+-----
Unarmed Combat | 4 |  4.2
Dodging        | 2 3 |  3.3
Fighting       | |  1.1
Spellcasting   | |  2.0
Transmutations | |  2.0

Action                   |  1- 3 |  4- 6 || total
-------------------------+-------+-------++-------
Melee: Unarmed           |   146 |    48 ||   194
       Tailslap          |    18 |     3 ||    21
       Punch             |     4 |     1 ||     5
 Cast: Beastly Appendage |     1 |       ||     1
  Use: Potion            |       |     1 ||     1
Armor: Skin              |    36 |    32 ||    68
Dodge: Dodged            |    90 |    38 ||   128

Table legend: (Time is in decaauts)
 A = Elapsed time spent in this place.
 B = Non-inter-level travel time spent in this place.
 C = Inter-level travel time spent in this place.
 D = Time resting spent in this place.
 E = Time spent auto-exploring this place.
 F = Levels seen in this place.
 G = Mean time per level.
                   A        B        C        D        E       F      G
               +--------+--------+--------+--------+--------+-----+--------+
         Total |   2117 |   2046 |     71 |      0 |   1676 |   3 |  705.7 |
       Dungeon |   2117 |   2046 |     71 |      0 |   1676 |   3 |  705.7 |
               +--------+--------+--------+--------+--------+-----+--------+

Top non-repeatable levels by time:
     D:1: 935 daAuts
     D:2: 886 daAuts
     D:3: 295 daAuts
